 Dungeon Crawl Stone Soup version 0.30.1-4-g462c640d31 (webtiles) character file.

Game seed: 14289789556808983163

9089 Peloso the Carver (level 11, -23/101 HPs)
             Began as a Minotaur Fighter on Aug 18, 2023.
             Was a High Priest of Okawaru.
             Killed from afar by an acid dragon (32 damage)
             ... with a splash of acid
             ... in a Gauntlet.
             The game lasted 00:27:32 (12225 turns).

Peloso the Carver (Minotaur Fighter)               Turns: 12225, Time: 00:27:33

Health: -23/101    AC:  5    Str: 22    XL:     11   Next: 18%
Magic:  9/10       EV: 12    Int:  5    God:    Okawaru [*****.]
Gold:   472        SH:  6    Dex: 13    Spells: 10/10 levels left

rFire   . . .        b - +2 falchion (elec)
rCold   + . .        d - +0 buckler
rNeg    . . .        c - +3 scale mail
rPois   .            (helmet restricted)
rElec   .            (no cloak)
rCorr   .            v - +0 pair of gloves
SInv    .            (no boots)
Will    .....        (no amulet)
Stlth   +            y - ring of protection from cold
HPRegen 0.36/turn    (no ring)
MPRegen 0.12/turn

%: no teleportation
@: corroded, studying Fighting
A: horns 2, retaliatory headbutt
a: Renounce Religion, Heroism, Finesse, Duel


You were in a Gauntlet.
You worshipped Okawaru.
Okawaru was extremely pleased with you.
You visited 2 branches of the dungeon, and saw 12 of its levels.
You also visited: Sewer, Bailey and Gauntlet.

You collected 472 gold pieces.

Inventory:

Hand Weapons
 a - a +0 long sword
 b - a +2 falchion of electrocution (weapon)
Missiles
 u - a throwing net (quivered)
Armour
 c - a +3 scale mail (worn)
 d - a +0 buckler (worn)
 g - a +0 chain mail
 v - a +0 pair of gloves (worn)
Jewellery
 i - a ring of fire
 w - a +6 ring of intelligence
 y - a ring of protection from cold (left hand)
 G - a +6 ring of strength
Wands
 k - a wand of flame (7)
 B - a wand of digging (5)
Scrolls
 h - 3 scrolls of amnesia
 j - 5 scrolls of teleportation
 m - 2 scrolls of poison
 n - 2 scrolls of immolation
 q - a scroll of fear {unknown}
 r - 3 scrolls of enchant armour
 s - 2 scrolls of enchant weapon
 t - 2 scrolls of fog
 x - a scroll of noise
 E - a scroll of magic mapping
Potions
 e - 2 potions of magic
 f - 3 potions of lignification
 l - a potion of cancellation
 o - 2 potions of haste
 p - 3 potions of brilliance
 A - a potion of experience
 C - 2 potions of mutation
 F - a potion of flight
 H - a potion of invisibility


   Skills:
 + Level 10.8 Fighting
 + Level 12.0 Long Blades
 + Level 11.1 Armour
 + Level 5.0 Dodging
 + Level 2.2 Stealth
 + Level 8.7 Shields
 + Level 0.8 Invocations
 + Level 1.9 Evocations


You had 10 spell levels left.
You didn't know any spells.
Your spell library was empty.

Dungeon Overview and Level Annotations

Branches:
Dungeon (11/15)            Temple (1/1) D:6            Lair (0/5) D:9
  Sewer (visited)          Bailey (visited)         Gauntlet (1/1)
    Orc: D:9-12

Altars:
Ashenzari
Cheibriados
Dithmenos
Elyvilon
Fedhas
Gozag
Hepliaklqana
Kikubaaqudgha
Makhleb
Nemelex Xobeh
Okawaru
Qazlal
Ru
Sif Muna
Trog
Uskayaw
Vehumet
Wu Jian
Xom
Yredelemnul
Zin
The Shining One

Annotations:
D:7 3 runed translucent doors, raetorn's ghost, novice HOMo
D:8 Gastronok
D:9 3 runed translucent doors, lasso's ghost, novice DEAE
D:10 3 runed translucent doors, Plommelars's ghost, novice DrFE Gauntlet 11 transporters, 5 runed translucent doors, exclusion: oklob plant


Innate Abilities, Weirdness & Mutations

You have a pair of horns on your head.
You reflexively headbutt those who attack you in melee.


Message History

The splash of acid hits you!!
* * * LOW HITPOINT WARNING * * *
You hit the acid dragon.
The acid dragon is almost dead.
You hit the acid dragon but do no damage.
The acid dragon is almost dead.
The acid dragon bites you.
* * * LOW HITPOINT WARNING * * *
The acid dragon claws you but does no damage.
You closely miss the acid dragon.
You headbutt the acid dragon, but do no damage.
The acid dragon is almost dead.
Unknown command.
You hit the acid dragon.
Lightning courses through the acid dragon!
You kill the acid dragon!
Okawaru accepts your kill.
You can now enter into single combat with a foe.
Okawaru will now gift you equipment as you gain piety.
The acid dragon scales are intact enough to wear.
The oklob plant spits acid at you. The splash of acid hits you!!
* * * LOW HITPOINT WARNING * * *
You feel better.
Aiming: Throw Flame
Press: ? - help, Shift-Dir - straight line, f - acid dragon
Aim: an acid dragon (71% to hit)
The puff of flame hits the acid dragon.
The acid dragon is lightly wounded.
You feel like a meek peon again.
You hit the acid dragon but do no damage.
The acid dragon is lightly wounded.
The acid dragon closely misses you. You furiously retaliate!
You headbutt the acid dragon, but do no damage.
The acid dragon claws you but does no damage.
You hit the acid dragon but do no damage.
The acid dragon is lightly wounded.
The acid dragon spits acid at you. The splash of acid hits you!!
You die...

ZZ#©...#.##.#p#5##.≈##
########.#########.##
..#©.........©#....≈##
⌠.#.⌠.⌠.⌠.⌠.⌠.#.⌠..≈≈#
..#©.........©#....≈##
##################.##
.!?©...#.#...#.#©#.≈##
.#####.#.#.#.#..##.≈≈#
^..#..^#.#.#.#[D@#.≈##
###©####.#.#.©####.##
^..#..w#.#.#.....#.≈##
.#####.#.#..####.#.≈≈#
......w#.#P......#.≈##
########.#########.##
...©.........©.....≈#
≈≈≈#..∩.⌠.∩..#≈≈≈#≈≈≈#
#≈###.......###≈###≈##


You could see an acid dragon (catching breath).

Vanquished Creatures
  2 two-headed ogres
  Sonja (D:10)
  15 yaks
  A wraith (D:10)
  A steam dragon (D:5)
  3 acid dragons
  12 orc warriors
  2 black bears
  An ice beast (D:5)
  An ogre (D:7)
  13 centaurs
  A kobold brigand (D:9)
  2 phantoms (D:6)
  4 bullfrogs (D:7)
  2 gnoll sergeants
  3 scorpions
  3 howler monkeys
  2 vampire bats (D:6)
  3 jellies
  2 hounds
  A gnoll bouda (D:10)
  7 orc priests
  2 sleepcaps (D:5)
  2 iguanas
  9 orc wizards
  Robin (D:3)
  13 adders
  12 gnolls
  3 river rats
  A shadow imp (D:7)
  A white imp (D:6)
  An ufetubus (D:5)
  A worm (D:2)
  4 dart slugs
  48 orcs
  8 endoplasms
  4 giant cockroaches (D:3)
  6 hobgoblins
  13 jackals
  6 quokkas
  8 ball pythons
  11 bats
  9 frilled lizards
  19 goblins
  8 kobolds
  9 rats
281 creatures vanquished.

Notes
Turn   | Place    | Note
-------+----------+-------------------------------------------
     0 | D:1      | Peloso the Minotaur Fighter began the quest for the Orb.
     0 | D:1      | Reached XP level 1. HP: 19/19 MP: 0/0
   112 | D:1      | Reached XP level 2. HP: 12/27 MP: 1/1
   493 | D:1      | Reached XP level 3. HP: 27/33 MP: 2/2
   702 | D:1      | Reached skill level 3 in Long Blades
  1299 | D:2      | Reached XP level 4. HP: 37/40 MP: 3/3
  1450 | D:2      | Found a basalt altar of Yredelemnul.
  1685 | D:3      | Reached skill level 1 in Dodging
  1692 | D:3      | Reached skill level 4 in Long Blades
  1819 | D:3      | Found a glowing drain.
  1827 | D:3      | Reached XP level 5. HP: 16/47 MP: 4/4
  1940 | Sewer    | Entered a sewer
  2464 | D:3      | You fall into a shaft and drop 1 floor!
  2555 | D:3      | Noticed Robin
  2566 | D:3      | Reached skill level 5 in Armour
  2579 | D:3      | Killed Robin
  2842 | D:3      | Found a glowing golden altar of the Shining One.
  2890 | D:3      | Reached skill level 5 in Long Blades
  2890 | D:3      | Reached XP level 6. HP: 37/53 MP: 5/5
  3788 | D:5      | Entered Level 5 of the Dungeon
  3793 | D:5      | Reached skill level 6 in Long Blades
  3793 | D:5      | Reached XP level 7. HP: 60/60 MP: 6/6
  3901 | D:5      | Reached skill level 5 in Shields
  4031 | D:5      | Reached skill level 5 in Fighting
  4251 | D:5      | Noticed a steam dragon
  4270 | D:5      | Reached skill level 7 in Long Blades
  4279 | D:5      | Killed a steam dragon
  4280 | D:5      | Reached XP level 8. HP: 33/70 MP: 7/7
  4808 | D:6      | Reached skill level 8 in Long Blades
  5164 | D:6      | Found a staircase to the Ecumenical Temple.
  5282 | Temple   | Entered the Ecumenical Temple
  5287 | Temple   | Became a worshipper of Warmaster Okawaru
  5653 | D:7      | Found a flagged portal.
  5669 | Bailey   | Entered a bailey
  6510 | Bailey   | Reached skill level 1 in Stealth
  6510 | Bailey   | Reached XP level 9. HP: 30/78 MP: 8/8
  6679 | Bailey   | Reached * piety under Okawaru
  6928 | Bailey   | Reached skill level 9 in Long Blades
  7587 | Bailey   | Reached skill level 1 in Evocations
  8250 | D:7      | Reached ** piety under Okawaru
  8606 | D:7      | Found a runed translucent gate.
  8606 | D:7      | Found a runed translucent gate.
  8606 | D:7      | Found a runed translucent gate.
  8606 | D:7      | Found an opulent altar of Gozag.
  9002 | D:7      | Noticed a manticore
  9003 | D:7      | Noticed a four-headed hydra
  9003 | D:7      | Noticed raetorn's ghost (novice HOMo)
  9003 | D:7      | Noticed a cyclops
  9275 | D:8      | Reached XP level 10. HP: 81/88 MP: 9/9
  9375 | D:8      | Reached skill level 10 in Long Blades
  9483 | D:8      | Noticed Gastronok
  9528 | D:9      | Reached skill level 10 in Armour
  9538 | D:9      | Reached *** piety under Okawaru
  9766 | D:9      | Found a staircase to the Lair.
  9825 | D:9      | Found a basalt altar of Yredelemnul.
  9852 | D:9      | Found a hazy altar of Hepliaklqana.
  9861 | D:9      | Found a runed translucent gate.
  9862 | D:9      | Found a runed translucent gate.
  9863 | D:9      | Found a runed translucent gate.
  9864 | D:9      | Noticed a spectral centaur warrior
  9866 | D:9      | Noticed lasso's ghost (novice DEAE)
  9866 | D:9      | Noticed a spectral centaur warrior
  9900 | D:9      | Noticed a two-headed ogre
  9917 | D:9      | Killed a two-headed ogre
  9918 | D:9      | Reached skill level 11 in Long Blades
 10130 | D:9      | Found a snail-covered altar of Cheibriados.
 10142 | D:9      | Found an ornate altar of the Wu Jian Council.
 10457 | D:10     | Entered Level 10 of the Dungeon
 10722 | D:10     | Reached **** piety under Okawaru
 11040 | D:10     | Noticed a two-headed ogre
 11052 | D:10     | Killed a two-headed ogre
 11078 | D:10     | Noticed Sonja
 11085 | D:10     | Killed Sonja
 11086 | D:10     | Reached skill level 10 in Fighting
 11086 | D:10     | Reached skill level 12 in Long Blades
 11086 | D:10     | Reached XP level 11. HP: 37/99 MP: 10/10
 11091 | D:10     | Noticed a lindwurm
 11092 | D:10     | Noticed a lindwurm
 11424 | D:10     | Noticed a lindwurm
 11431 | D:10     | Noticed a lindwurm
 11645 | D:10     | Reached ***** piety under Okawaru
 11648 | D:10     | Found a runed translucent gate.
 11692 | D:10     | Found a runed translucent gate.
 11693 | D:10     | Found a runed translucent gate.
 11694 | D:10     | Noticed Plommelars's ghost (novice DrFE)
 11959 | D:11     | Reached skill level 5 in Dodging
 11966 | D:11     | Found a gate leading to a gauntlet.
 11975 | Gauntlet | Entered a Gauntlet
 11975 | Gauntlet | Noticed an oklob plant
 11975 | Gauntlet | Found a transporter.
 11975 | Gauntlet | Found a transporter.
 11983 | Gauntlet | Found a transporter.
 11987 | Gauntlet | Found a transporter.
 11995 | Gauntlet | Found a runed translucent gate.
 11995 | Gauntlet | Found a runed translucent gate.
 11995 | Gauntlet | Found a runed translucent gate.
 11999 | Gauntlet | Found a transporter.
 12003 | Gauntlet | Found a transporter.
 12005 | Gauntlet | Noticed a reaper
 12007 | Gauntlet | Found a runed translucent door.
 12007 | Gauntlet | Found a runed translucent door.
 12015 | Gauntlet | Found a transporter.
 12031 | Gauntlet | Found a transporter.
 12035 | Gauntlet | Found a transporter.
 12055 | Gauntlet | Found a transporter.
 12058 | Gauntlet | Noticed a wizard
 12069 | Gauntlet | Found a transporter.
 12072 | Gauntlet | Found a transporter.
 12074 | Gauntlet | Found the +10 morningstar "Eos" {elec, Halo rElec}
 12220 | Gauntlet | HP: 1/101 [oklob plant/splash of acid (19)]
 12225 | Gauntlet | Killed from afar by an acid dragon

Illustrated notes

Levels and vault maps discovered:
D:1:      sevenhm_arrival_forest_fort_large_2, layout_loops_cross,
          kennysheep_boxes
D:2:      layout_rooms, basic_altar, minmay_cupped
D:3:      layout_basic, mainiacjoe_overflow_alcove_1, gup_sewer_entry_bubbles,
          st_stairs_4, uniq_robin
D:4:      layout_cave_pools, eino_curves_04
D:5:      layout_loops_ring
D:6:      layout_rooms, minmay_temple_entry_junction_2, roderic_batcave,
          kennysheep_generic_room_12
D:7:      layout_loops_corners, enter_bailey_6, ebering_ghost_gozag
D:8:      layout_cave_pools, uniq_gastronok, uniq_pikel
D:9:      layout_irregular_city, nicolae_overflow_quartered_altars,
          dpeg_oklobed_lair, gammafunk_ghost_necromancy
D:10:     layout_irregular_city, gammafunk_ghost_spectres, minmay_lindwurm_lava,
          uniq_sonja
D:11:     minmay_tile_spiral, layout_basic, gauntlet_entry_generic,
          uniq_nergalle
Temple:   sentei_temple_godly_chess
Gauntlet: minmay_gauntlet_77_indecision [minmay_gauntlet_arena_77_two_paths,
          minmay_gauntlet_arena_77_radiant_squares,
          minmay_gauntlet_arena_77_run_for_it,
          minmay_gauntlet_arena_77_checkered,
          minmay_gauntlet_arena_77_shame_cube,
          minmay_gauntlet_arena_77_double_cross, gauntlet_exit_green]

Skill      XL: |  1  2  3  4  5  6  7  8  9 10 11 |
---------------+----------------------------------+-----
Shields        | 4 5 6 7 8 |  8.7
Fighting       | 4 5 6 8 10 | 10.8
Long Blades    | 3 4 5 6 7 8 9 12 | 12.0
Armour         | 4 5 6 8 9 11 | 11.1
Dodging        | 1 2 3 4 5 |  5.0
Stealth        | 1 2 |  2.2
Evocations     | 1 |  1.9
Invocations    | |  0.8

Action                     |  1- 3 |  4- 6 |  7- 9 | 10-12 || total
---------------------------+-------+-------+-------+-------++-------
  Melee: Long sword        |    67 |       |       |       ||    67
         Headbutt          |    13 |    23 |    64 |    48 ||   148
         Falchion          |    22 |   185 |   270 |   205 ||   682
 Invoke: Heroism           |       |       |     1 |     3 ||     4
  Evoke: Wand              |       |       |    12 |     2 ||    14
    Use: Potion            |     5 |       |     6 |     4 ||    15
         Scroll            |     3 |     7 |     4 |     4 ||    18
 Armour: Scale mail        |    51 |    86 |   105 |    65 ||   307
         Chain mail        |       |       |    57 |       ||    57
  Dodge: Dodged            |    61 |    72 |   226 |    91 ||   450
  Block: Buckler           |    26 |    59 |   103 |    63 ||   251
